 Dungeon Crawl Stone Soup version 0.15-a0-1485-g692b94f (webtiles) character file.

5001 Psiweapon the Cruncher (level 10, -22/66 HPs)
             Began as a Gargoyle Gladiator on June 14, 2014.
             Was an Elder of Makhleb.
             Annihilated by an orc knight
             ... wielding a +1,+1 broad axe
              (27 damage)
             ... in a bailey.
             The game lasted 00:58:31 (8085 turns).

Psiweapon the Cruncher (Gargoyle Gladiator)         Turns: 8085, Time: 00:58:32

HP -22/66        AC 21     Str 26      XL: 10   Next: 54%
MP   0/12        EV  8     Int 13      God: Makhleb [****..]
Gold 80          SH  0     Dex 10      Spells:  0 memorised,  9 levels left

rFire  . . .     SeeInvis .     X - +2,+8 trident "Zuuheorch" {flame, +Rage rC+ Stlth-}
rCold  + . .     Clarity  .     q - +0 chain mail {MR+} (curse)
rNeg   + . .     rCorr    .     (no shield)
rPois  +         rRot     +     V - +1 helmet {Int+3}
rElec  +         Spirit   +     (no cloak)
SustAb .         Warding  .     Q - +0 pair of gloves
rMut   .         Stasis   .     (no boots)
Gourm  .                        p - amulet of guardian spirit
MR     +....                    (no ring)
                                (no ring)

@: mighty, very slightly contaminated, hasted, very quick, somewhat resistant to
hostile enchantments, extremely unstealthy
A: life protection 1, electricity resistance, unbreathing, petrification
resistance, rot immunity, AC +7
a: Minor Destruction, Lesser Servant of Makhleb, Major Destruction, Renounce
Religion, Evoke Berserk Rage


You were in a bailey.
You worshipped Makhleb.
Makhleb was greatly pleased with you.
You were not hungry.

You visited 2 branches of the dungeon, and saw 10 of its levels.
You also visited: Bailey.

You collected 340 gold pieces.
You spent 260 gold pieces at shops.

Inventory:

Hand weapons
 a - a +0,+0 quarterstaff
 m - a +0,+0 halberd of electrocution
 P - a cursed +2,+3 vampiric war axe
 S - a +2,+2 flail of draining
 X - the +2,+8 trident "Zuuheorch" (weapon) {flame, +Rage rC+ Stlth-}
   (You found it on level 7 of the Dungeon)

   It emits flame when wielded, causing extra injury to most foes and up to
   double damage against particularly susceptible opponents.
   It protects you from cold.
   It lets you go berserk.
   It makes you less stealthy.
Missiles
 b - 37 tomahawks of returning (quivered)
 d - a throwing net
 h - 71 sling bullets
 r - 7 curare-tipped needles
 t - 36 poisoned needles
 M - 3 needles of slowing
Armour
 q - a cursed +0 chain mail of magic resistance (worn)
 Q - a +0 pair of gloves (worn)
 V - a +1 helmet of intelligence (worn)
Magical devices
 G - a wand of fire (0)
 H - a wand of slowing (6)
 Y - a wand of enslavement (13) {unknown}
Comestibles
 f - 6 bread rations
 i - a chunk of kobold flesh
 x - 4 beef jerkies
 B - 3 royal jellies
 D - 5 meat rations
 Z - a fruit
Scrolls
 g - 3 scrolls of immolation {unknown}
 j - a scroll of silence {unknown}
 k - a scroll of enchant armour {unknown}
 o - 6 scrolls of remove curse
 s - a scroll of magic mapping {unknown}
 y - 3 scrolls of enchant weapon I {unknown}
 C - 2 scrolls of recharging {unknown}
 E - 2 scrolls of noise {unknown}
 F - 3 scrolls of enchant weapon II {unknown}
 J - 4 scrolls of fear {unknown}
 R - 4 scrolls of teleportation {unknown}
 U - 2 scrolls of blinking {unknown}
Jewellery
 e - an uncursed amulet of rage
 p - an amulet of guardian spirit (around neck)
 K - a +2 ring of intelligence
Potions
 l - 4 potions of curing
 n - 2 potions of degeneration
 v - 2 potions of restore abilities {unknown}
 w - 4 potions of brilliance
 A - a potion of flight
 I - a potion of might
 N - a potion of resistance {unknown}
 O - a potion of poison {unknown}
 T - a potion of invisibility {unknown}
 W - 2 potions of magic {unknown}
Books
 c - a book of Battle

   Spells                             Type                      Level
   Infusion                           Charms                       1
   Shroud of Golubria                 Charms/Translocation         2
   Song of Slaying                    Charms                       2
   Spectral Weapon                    Hexes/Charms                 3
   Regeneration                       Charms/Necromancy            3
 L - a book of Alchemy

   Spells                             Type                      Level
   Sublimation of Blood               Necromancy                   2
   Alistair's Intoxication            Transmutation/Poison         4
   Condensation Shield                Ice                          4
   Petrify                            Transmutation/Earth          4
   Ignite Poison                      Fire/Transmutation           5


   Skills:
 - Level 9.3 Fighting
 - Level 5.1(6.5) Polearms
 - Level 9.4(9.8) Staves
 + Level 2.4 Throwing
 - Level 7.1 Armour
 - Level 2.6 Dodging
 + Level 1.8 Invocations


You had 9 spell levels left.
You didn't know any spells.

Dungeon Overview and Level Annotations

Branches:
Dungeon (9/15)             Temple (1/1) D:6
    Orc: D:9-12        Lair: D:8-11

Altars:
Ashenzari
Cheibriados
Dithmenos
Elyvilon
Fedhas
Gozag
Kikubaaqudgha
Makhleb
Nemelex Xobeh
Okawaru
Qazlal
Sif Muna
Trog
Vehumet
Xom
Yredelemnul
Zin
The Shining One

Shops:
D:6 *


Innate Abilities, Weirdness & Mutations

You are resistant to torment.
You are immune to poison.
Your stone body is very resilient (AC +7).
You resist negative energy.
You are resistant to electric shocks.
You can survive without breathing.
You are immune to petrification.
You are immune to rotting.


Message History

You see here a halberd of electrocution.
There is an open door here.
Drink which item? (? for menu, Esc to quit)
You feel yourself speed up. The orc knight barely misses you.
The gnoll hits you but does no damage.
You are very lightly contaminated with residual magic.
Attack whom?
Press: ? - help, Dir - move target cursor, f/p - gnoll
Aim: a gnoll, wielding a halberd (almost dead)
The orc knight is in the way.
You barely miss the orc knight.
The orc knight is heavily wounded.
The orc knight hits you with a broad axe!!
* * * LOW HITPOINT WARNING * * *
You puncture the orc knight! You burn the orc knight.
The orc knight is severely wounded.
The gnoll closely misses you.
You completely miss the orc knight.
The orc knight is severely wounded.
The orc knight hits you with a broad axe!!
You die...

##### ### ##
#())###.# #.#
#'###'##'##'#
##.....#
###.)(..###
#.'..⌠(.'.#
###..Kg.### #
#....o## #g#
#'##'##@## #g#.#
#.###.# # ### ###
### #'# ###.# #.#
#.###.# '##'##+
#'##'##'## #.....#
#.....##
#.....#####.)...###
'..∩..'.#.'..⌠%.'.#
#.....#####.)...###


You could see an orc knight, a gnoll and a kobold.

Vanquished Creatures
  Prince Ribbit (D:4)
  2 hippogriffs (D:9)
  The ghost of Crauler the Insei, an average DrTm (D:4)
  Edmund (D:7)
  4 orc warriors
  2 black bears (D:7)
  2 ice beasts
  2 sky beasts
  5 centaurs
  6 ogres
  A big kobold (D:8)
  A giant frog (D:5)
  An elf zombie (D:8)
  2 scorpions
  5 killer bees
  10 wights
  A goliath beetle (D:6)
  4 human zombies (D:8)
  5 crimson imps
  3 orc priests
  3 hounds
  A giant frog skeleton (D:4)
  9 worker ants
  An elf skeleton (D:7)
  2 human skeletons (D:8)
  2 iguanas
  11 orc wizards
  An ogre skeleton (D:8)
  3 mummies
  9 gnolls (Bailey)
  A worker ant zombie (D:6)
  11 adders
  A shadow imp (D:6)
  5 giant mites
  An inept feature mimic (D:5)
  An inept item mimic (D:9)
  3 giant geckos
  An ooze (D:5)
  19 orcs
  12 bats
  2 bat zombies
  5 giant cockroaches
  19 goblins
  15 hobgoblins
  6 jackals
  A quokka (D:4)
  2 ball pythons
  A giant cockroach zombie (D:6)
  3 giant newts
  A giant spore (D:8)
  A goblin zombie (D:5)
  A hobgoblin zombie (D:7)
  27 kobolds
  A kobold skeleton (D:6)
  An orc skeleton (D:4)
  An orc zombie (D:8)
  2 quokka skeletons (D:4)
  14 rats
  A rat zombie (D:7)
  A ballistomycete (D:8)
261 creatures vanquished.

Vanquished Creatures (others)
  An orc (D:8)
  2 jackals (D:8)
3 creatures vanquished.

Grand Total: 264 creatures vanquished

Notes
Turn   | Place    | Note
--------------------------------------------------------------
     0 | D:1      | Psiweapon, the Gargoyle Gladiator, began the quest for the Orb.
     0 | D:1      | Reached XP level 1. HP: 12/12 MP: 1/1
   180 | D:1      | Reached XP level 2. HP: 14/17 MP: 2/2
  1127 | D:2      | Reached XP level 3. HP: 22/22 MP: 3/3
  1160 | D:2      | Reached skill level 1 in Armour
  1449 | D:2      | Found a white marble altar of Elyvilon.
  1616 | D:2      | Reached XP level 4. HP: 27/27 MP: 4/4
  1743 | D:3      | Reached skill level 4 in Staves
  2146 | D:3      | Reached XP level 5. HP: 29/31 MP: 5/5
  2565 | D:4      | Noticed Crauler's ghost (average DrTm)
  2637 | D:4      | Killed Crauler's ghost
  2637 | D:4      | Reached skill level 5 in Staves
  2637 | D:4      | Reached XP level 6. HP: 27/36 MP: 4/6
  2767 | D:3      | Reached XP level 7. HP: 34/40 MP: 5/7
  2775 | D:3      | Reached skill level 5 in Armour
  2973 | D:4      | Noticed an ogre
  2982 | D:4      | Killed an ogre
  2982 | D:4      | Reached skill level 6 in Staves
  3144 | D:4      | Noticed Prince Ribbit
  3162 | D:4      | Killed Prince Ribbit
  3660 | D:4      | Reached XP level 8. HP: 41/45 MP: 8/8
  3705 | D:4      | Reached skill level 7 in Staves
  3767 | D:5      | Entered Level 5 of the Dungeon
  4193 | D:5      | Found a snail-covered altar of Cheibriados.
  5139 | D:6      | Found a staircase to the Ecumenical Temple.
  5152 | D:5      | Reached skill level 8 in Staves
  5333 | D:5      | Reached XP level 9. HP: 47/52 MP: 9/9
  5421 | D:6      | Reached skill level 5 in Fighting
  5430 | Temple   | Entered the Ecumenical Temple
  5653 | Temple   | Became a worshipper of Makhleb the Destroyer
  5964 | D:6      | Found Klusm's Assorted Antiques.
  5973 | D:6      | Bought a scroll labeled FURPHY PSOWUAF for 28 gold pieces
  5973 | D:6      | Bought a bubbling red potion for 25 gold pieces
  5973 | D:6      | Bought a scroll labeled FURPHY PSOWUAF for 28 gold pieces
  5973 | D:6      | Bought a runed helmet for 126 gold pieces
  5973 | D:6      | Bought a scroll labeled CLOEHI SKOST for 28 gold pieces
  5973 | D:6      | Bought a gluggy cyan potion for 25 gold pieces
  6106 | D:7      | Reached skill level 9 in Staves
  6212 | D:7      | Acquired Makhleb's first power
  6382 | D:7      | Got an ancient trident
  6383 | D:7      | Identified the +2,+8 trident "Zuuheorch" {flame, +Rage rC+ Stlth-} (You found it on level 7 of the Dungeon)
  6435 | D:7      | Reached skill level 1 in Polearms
  6563 | D:7      | Found a shattered altar of Ashenzari.
  6568 | D:7      | Saw a vision of the Shoals and the Spider Nest.
  6572 | D:7      | Noticed a sea snake
  6663 | D:8      | Noticed Edmund
  6679 | D:7      | Killed Edmund
  6679 | D:7      | Acquired Makhleb's second power
  6756 | D:8      | Reached XP level 10. HP: 32/64 MP: 6/10
  7121 | D:8      | Found a shadowy altar of Dithmenos.
  7208 | D:8      | Acquired Makhleb's third power
  7315 | D:8      | Found an opulent altar of Gozag.
  7315 | D:8      | Found a bloodstained altar of Trog.
  7622 | D:8      | Found an ancient bone altar of Kikubaaqudgha.
  7717 | D:8      | Found a shimmering altar of Xom.
  7797 | D:9      | Reached skill level 5 in Polearms
  7807 | D:9      | Found a flagged portal.
  7818 | D:9      | Reached skill level 1 in Invocations
  7832 | Bailey   | Entered a bailey
  7930 | Bailey   | Acquired Makhleb's fourth power
  8055 | Bailey   | Noticed an orc knight
  8074 | Bailey   | HP: 1/66 [orc knight/broad axe (29)]
  8085 | Bailey   | Annihilated by an orc knight

Action                   |  1- 3 |  4- 6 |  7- 9 | 10-12 || total
-------------------------+-------+-------+-------+-------++-------
Melee: Quarterstaff      |   117 |   223 |   500 |     8 ||   848
       Trident           |       |       |    77 |   240 ||   317
       Flail             |       |       |       |     5 ||     5
Throw: Throwing net      |       |       |     5 |       ||     5
       Tomahawk          |       |       |       |    21 ||    21
Invok: Minor Destruction |       |       |       |     2 ||     2
 Abil: Evoke Berserk Rag |       |     1 |       |       ||     1
Evoke: Wand              |       |     1 |     8 |     1 ||    10
  Use: Potion            |       |     1 |       |     7 ||     8
       Scroll            |       |       |     1 |     6 ||     7
 Stab: Held in net/web   |       |       |     2 |       ||     2
